 Dungeon Crawl Stone Soup version 0.30-a0-424-g7412bad402 (webtiles) character file.

Game seed: 211790070946252077

2 bande the Covered (level 1, 0/14 HPs)
             Began as a Gargoyle Fighter on Dec 10, 2022.
             Slain by a quokka (1 damage)
             ... on level 1 of the Dungeon.
             The game lasted 00:00:09 (60 turns).

bande the Covered (Gargoyle Fighter)                  Turns: 60, Time: 00:00:10

Health: 0/14       AC:  9    Str: 19    XL:     1   Next: 40%
Magic:  1/1        EV:  9    Int:  8    God:
Gold:   0          SH:  4    Dex:  9    Spells: 0/0 levels left

rFire   . . .      SeeInvis .    a - +0 war axe
rCold   . . .      Faith    .    c - +0 buckler
rNeg    + . .      Spirit   .    b - +0 scale mail
rPois   ∞          Reflect  .    (no helmet)
rElec   +          Harm     .    (no cloak)
rCorr   .          Rampage  .    (no gloves)
Will    .....                    (no boots)
Stlth   ..........               (no amulet)
HPRegen 0.22/turn                (no ring)
MPRegen 0.07/turn                (no ring)

@: no status effects
A: sickness immunity, AC +2, negative energy resistance 1, electricity
resistance, torment resistance 1, petrification resistance
a: no special abilities


You were on level 1 of the Dungeon.
You visited 1 branch of the dungeon, and saw 1 of its levels.

Inventory:

Hand Weapons
 a - a +0 war axe (weapon)
Armour
 b - a +0 scale mail (worn)
 c - a +0 buckler (worn)
Scrolls
 e - a scroll of vulnerability {unknown}
Potions
 d - a potion of might
 f - a potion of degeneration {unknown}


   Skills:
 + Level 3.3 Fighting
 + Level 1.8 Axes
 + Level 3.3 Armour
 + Level 3.3 Shields


You couldn't memorise any spells.
You didn't know any spells.
Your spell library was empty.

Dungeon Overview and Level Annotations

Branches:
Dungeon (1/15)

Altars:


Innate Abilities, Weirdness & Mutations

You are immune to sickness and miasma.
Your stone body is resilient. (AC +2)
You are immune to poison.
You resist negative energy. (rN+)
You are resistant to electric shocks. (rElec)
You are resistant to unholy torment.
You are immune to petrification.


Message History

A hobgoblin is nearby!
A quokka and a frilled lizard come into view.
The frilled lizard hisses angrily.
You hear a shout!
A kobold comes into view. It is wielding a +0 short sword.
Found a whip.
Found a bubbling purple potion.
You slash the hobgoblin!
You kill the hobgoblin!
The frilled lizard bites you but does no damage.
You slash the frilled lizard!
You kill the frilled lizard!
You hit the quokka but do no damage.
The quokka bites you but does no damage.
You completely miss the quokka. The quokka barely misses you.
You block the quokka's attack.
You slash the kobold!
You kill the kobold!
You miss the quokka.
The quokka bites you but does no damage. x2
You closely miss the quokka.
The quokka bites you but does no damage.
You hit the quokka but do no damage.
The quokka bites you but does no damage. x2
You closely miss the quokka. The quokka barely misses you. x2
You barely miss the quokka. The quokka bites you. x2
You are too injured to fight recklessly!
You are too injured to fight recklessly!
You are too injured to fight recklessly!
You are too injured to fight recklessly!
You are too injured to fight recklessly!
You are too injured to fight recklessly!
You are too injured to fight recklessly!
You are too injured to fight recklessly!
You are too injured to fight recklessly!
You barely miss the quokka. The quokka bites you.
You closely miss the quokka. The quokka bites you.
* * * LOW HITPOINT WARNING * * *
The quokka closely misses you.
You barely miss the quokka. The quokka bites you.
You die...

...P.! .. .P.~.P
.... ~~~~~~
#...♣~~.~.~
#.....~≈~~.
#....~~~≈.~
#####.##)~~≈≈~~
#......@r.~~~♣
#........~.~~~P
#.......P~~~~~.
###........P~~~P.
#...##........♣..
#.####...........
##.# #...........
##..#
#.........)#
###..##
#..........


You could see a quokka.

Vanquished Creatures
  A hobgoblin (D:1)
  A frilled lizard (D:1)
  A kobold (D:1)
3 creatures vanquished.

Notes
Turn   | Place    | Note
-------+----------+-------------------------------------------
     0 | D:1      | bande the Gargoyle Fighter began the quest for the Orb.
     0 | D:1      | Reached XP level 1. HP: 14/14 MP: 1/1
    60 | D:1      | Slain by a quokka

Illustrated notes

Levels and vault maps discovered:
D:1:      eino_arrival_cavern_b, layout_rooms, serial_bayou_pond_b,
          minmay_pentomino_x2

Action                   || total
-------------------------++-------
Melee: War axe           ||    11
Armor: Scale mail        ||     7
Dodge: Dodged            ||     4
Block: Buckler           ||     1

Table legend: (Time is in decaauts)
 A = Elapsed time spent in this place.
 B = Non-inter-level travel time spent in this place.
 C = Inter-level travel time spent in this place.
 D = Time resting spent in this place.
 E = Time spent auto-exploring this place.
 F = Levels seen in this place.
 G = Mean time per level.
                   A        B        C        D        E       F      G
               +--------+--------+--------+--------+--------+-----+--------+
         Total |     66 |     66 |      0 |      0 |     44 |   1 |   66.0 |
       Dungeon |     66 |     66 |      0 |      0 |     44 |   1 |   66.0 |
               +--------+--------+--------+--------+--------+-----+--------+

Top non-repeatable levels by time:
     D:1: 66 daAuts
